 Dungeon Crawl Stone Soup version 0.27-a0-1147-gb3d8e82157 (webtiles) character file.

Game seed: 14179655306049833272

627 Froggeryz the Cudgeller (level 7, 0/60 HPs)
             Began as a Gnoll Chaos Knight on May 12, 2021.
             Was a Follower of Okawaru.
             Slain by Menkaure (15 damage)
             ... on level 5 of the Dungeon.
             The game lasted 00:05:15 (3844 turns).

Froggeryz the Cudgeller (Gnoll Chaos Knight)        Turns: 3844, Time: 00:05:16

Health: 0/60       AC: 15    Str: 10    XL:     7   Next: 47%
Magic:  10/10      EV: 11    Int: 12    God:    Okawaru [*.....]
Gold:   1186       SH:  0    Dex: 12    Spells: 11/11 levels left

rFire    . . .     SeeInvis .   a - +0 mace (chaos)
rCold    . . .     Faith    .   (no shield)
rNeg     + . .     Spirit   .   s - +1 ring mail {rN+}
rPois    .         Reflect  .   (no helmet)
rElec    .         Harm     .   (no cloak)
rCorr    .         Rampage  .   (no gloves)
Will     .....                  (no boots)
Stlth    +.........             k - amulet of regeneration
HPRegen  1.20/turn              c - +4 ring of protection
MPRegen  0.12/turn              d - +4 ring of protection

@: no status effects
A: fangs 1, strong nose, distributed training, weak 1
a: Renounce Religion, Heroism


You were on level 5 of the Dungeon.
You worshipped Okawaru.
Okawaru was aware of your devotion.
You visited 1 branch of the dungeon, and saw 5 of its levels.

You collected 1186 gold pieces.

Inventory:

Hand Weapons
 a - a +0 mace of chaos (weapon)
Armour
 s - a +1 ring mail of positive energy (worn)
Jewellery
 c - a +4 ring of protection (left hand)
 d - a +4 ring of protection (right hand)
 h - a +6 ring of strength
 j - a ring of protection from cold
 k - an amulet of regeneration (around neck)
Wands
 p - a wand of flame (30)
Scrolls
 b - a scroll of identify
 e - a scroll of magic mapping
 f - a scroll of immolation
 g - 2 scrolls of teleportation {unknown}
 i - a scroll of vulnerability {unknown}
 n - a scroll of blinking {unknown}
 o - 2 scrolls of amnesia {unknown}
Potions
 l - a potion of cancellation {unknown}
 m - 2 potions of haste
 q - a potion of might {unknown}
 r - a potion of curing {unknown}


   Skills:
 + Level 7.0 Fighting
 + Level 2.5 Short Blades
 + Level 2.5 Long Blades
 + Level 2.5 Axes
 + Level 7.0 Maces & Flails
 + Level 2.5 Polearms
 + Level 2.5 Staves
 + Level 2.5 Slings
 + Level 2.5 Bows
 + Level 2.5 Crossbows
 + Level 2.5 Throwing
 + Level 5.2 Armour
 + Level 3.6 Dodging
 + Level 2.5 Stealth
 + Level 2.5 Shields
 + Level 2.5 Unarmed Combat
 + Level 2.5 Spellcasting
 + Level 2.0 Conjurations
 + Level 2.0 Hexes
 + Level 2.0 Summonings
 + Level 2.0 Necromancy
 + Level 2.0 Translocations
 + Level 2.0 Transmutations
 + Level 2.0 Fire Magic
 + Level 2.0 Ice Magic
 + Level 2.0 Air Magic
 + Level 2.0 Earth Magic
 + Level 2.0 Poison Magic
 + Level 2.8 Invocations
 + Level 2.5 Evocations


You had 11 spell levels left.
You didn't know any spells.
Your spell library contained the following spells:

 Spells                   Type           Power      Damage    Failure   Level
 Animate Skeleton         Necr           12%        N/A       26%         1
 Apportation              Tloc           12%        N/A       26%         1
 Corona                   Hex            6%         N/A       26%         1
 Sandblast                Erth           12%        2d6       26%         1
 Summon Small Mammal      Summ           24%        N/A       26%         1
 Passwall                 Tmut/Erth      5%         N/A       36%         2
 Frozen Ramparts          Ice            12%        1d3       61%         3
 Stone Arrow              Conj/Erth      12%        3d7       61%         3
 Vampiric Draining        Necr           3%         2d6       61%         3
 Petrify                  Tmut/Erth      6%         N/A       95%         4
 Agony                    Necr           6%         N/A       100%        5
 Lee's Rapid Deconstruct  Erth           3%         3d6*      100%        5
 Freezing Cloud           Conj/Ice/Air   3%         6-21      100%        6


Dungeon Overview and Level Annotations

Branches:
Dungeon (5/15)
 Temple: D:4-7

Altars:
Cheibriados
Makhleb
Okawaru
Vehumet
The Shining One

Annotations:
D:5 Menkaure


Innate Abilities, Weirdness & Mutations

You have very sharp teeth.
Your uncanny sense of smell can sniff out nearby items.
Your experience applies equally to all skills.
You are weak. (Str -2)


Message History

Your body is wracked with pain!
You barely miss Menkaure.
Menkaure is lightly damaged.
Menkaure casts a spell at you. Pain shoots through your body!
You are too injured to fight recklessly!
You are too injured to fight recklessly!
You are too injured to fight recklessly!
You are too injured to fight recklessly!
You barely miss Menkaure.
Menkaure is lightly damaged.
Menkaure shouts, "The sands of time shall wipe you from history!"
Menkaure hits you.
You hit Menkaure. You burn Menkaure.
Menkaure is moderately damaged.
Menkaure calls on the powers of darkness!
Your body is wracked with pain!
* * * LOW HITPOINT WARNING * * *
You barely miss Menkaure. Your bite misses Menkaure.
Menkaure is moderately damaged.
Menkaure calls on the powers of darkness!
Your body is wracked with pain!
* * * LOW HITPOINT WARNING * * *
You hit Menkaure.
Menkaure's magic leaks into the air.
Menkaure is moderately damaged.
Menkaure barely misses you.
Menkaure points at you and mumbles some strange words.
Pain shoots through your body!
* * * LOW HITPOINT WARNING * * *
Okay, then.
You hit Menkaure but do no damage.
Nothing appears to happen.
Menkaure is moderately damaged.
Menkaure closely misses you.
You hit Menkaure but do no damage.
Menkaure easily resists.
Menkaure is moderately damaged.
Menkaure barely misses you.
You barely miss Menkaure. You bite Menkaure, but do no damage.
Menkaure is moderately damaged.
Menkaure hits you!
You die...

#.# #.# #.#
#.# #.# #.#
#.#
#########.#
......M@..#
###########


You could see Menkaure (fast).

Vanquished Creatures
  A black bear (D:4)
  2 water moccasin skeletons (D:4)
  4 killer bees (D:5)
  A bullfrog skeleton (D:5)
  3 hounds (D:4)
  An iguana (D:5)
  A scorpion zombie (D:5)
  An adder (D:4)
  A shadow imp (D:4)
  An adder skeleton (D:4)
  A worm (D:2)
  4 dart slugs
  2 orcs
  3 ball pythons
  3 bats (D:1)
  4 endoplasms
  A giant cockroach (D:1)
  5 goblins
  8 hobgoblins
  4 jackals (D:1)
  8 kobolds
  6 quokkas
  4 frilled lizards
  3 rats
72 creatures vanquished.

Notes
Turn   | Place    | Note
-------+----------+-------------------------------------------
     0 | D:1      | Froggeryz the Gnoll Chaos Knight began the quest for the
                  | Orb.
     0 | D:1      | Reached XP level 1. HP: 23/23 MP: 1/1
   215 | D:1      | Reached XP level 2. HP: 29/29 MP: 2/2
   592 | D:1      | XOM: noise
   606 | D:1      | XOM: 1-stop teleportation journey
   607 | D:1      | Reached XP level 3. HP: 35/35 MP: 3/3
  1049 | D:1      | XOM: summons 1 hostile demon
  1052 | D:1      | XOM: torment (11/35 hp)
  1338 | D:2      | Identified a scroll of acquirement
  1341 | D:2      | Acquired 1006 gold pieces
  1399 | D:2      | XOM: summons 2 hostile shadow creatures
  1475 | D:2      | Reached skill level 1 in Invocations
  1751 | D:2      | Reached skill level 1 in Short Blades
  1751 | D:2      | Reached skill level 1 in Long Blades
  1751 | D:2      | Reached skill level 1 in Axes
  1751 | D:2      | Reached skill level 1 in Polearms
  1751 | D:2      | Reached skill level 1 in Staves
  1751 | D:2      | Reached skill level 1 in Slings
  1751 | D:2      | Reached skill level 1 in Bows
  1751 | D:2      | Reached skill level 1 in Crossbows
  1751 | D:2      | Reached skill level 1 in Throwing
  1751 | D:2      | Reached skill level 1 in Stealth
  1751 | D:2      | Reached skill level 1 in Shields
  1751 | D:2      | Reached skill level 1 in Unarmed Combat
  1751 | D:2      | Reached skill level 1 in Spellcasting
  1751 | D:2      | Reached skill level 1 in Evocations
  1771 | D:2      | XOM: torment (19/35 hp)
  2162 | D:2      | XOM: silly message
  2243 | D:3      | Found an iron altar of Okawaru.
  2264 | D:3      | Reached XP level 4. HP: 38/41 MP: 5/5
  2271 | D:3      | Fell from the grace of Xom
  2271 | D:3      | Became a worshipper of Warmaster Okawaru
  2397 | D:3      | Noticed a glowing shapeshifter
  2397 | D:3      | an orc changed into a glowing shapeshifter
  2397 | D:3      | Noticed a shock serpent
  2397 | D:3      | a glowing shapeshifter changed into a shock serpent
  2399 | D:3      | Noticed a dream sheep
  2399 | D:3      | a shock serpent changed into a dream sheep
  2401 | D:3      | Noticed a jumping spider
  2401 | D:3      | a dream sheep changed into a jumping spider
  2404 | D:3      | Noticed a dream sheep
  2404 | D:3      | a jumping spider changed into a dream sheep
  2405 | D:3      | Noticed a glowing orange brain
  2405 | D:3      | a dream sheep changed into a glowing orange brain
  2408 | D:3      | Noticed a death drake
  2408 | D:3      | a glowing orange brain changed into a death drake
  2408 | D:3      | Noticed a sea snake
  2408 | D:3      | a death drake changed into a sea snake
  2411 | D:3      | Noticed a swamp dragon
  2411 | D:3      | a sea snake changed into a swamp dragon
  2415 | D:3      | Noticed a jumping spider
  2415 | D:3      | a swamp dragon changed into a jumping spider
  2567 | D:3      | Found a glowing golden altar of the Shining One.
  2777 | D:4      | Reached skill level 1 in Conjurations
  2777 | D:4      | Reached skill level 1 in Hexes
  2777 | D:4      | Reached skill level 1 in Summonings
  2777 | D:4      | Reached skill level 1 in Necromancy
  2777 | D:4      | Reached skill level 1 in Translocations
  2777 | D:4      | Reached skill level 1 in Transmutations
  2777 | D:4      | Reached skill level 1 in Fire Magic
  2777 | D:4      | Reached skill level 1 in Ice Magic
  2777 | D:4      | Reached skill level 1 in Air Magic
  2777 | D:4      | Reached skill level 1 in Earth Magic
  2777 | D:4      | Reached skill level 1 in Poison Magic
  2806 | D:4      | Found a snail-covered altar of Cheibriados.
  2855 | D:4      | Reached XP level 5. HP: 47/47 MP: 5/7
  3016 | D:4      | XOM: 2-stop teleportation journey
  3118 | D:4      | Found a burning altar of Makhleb.
  3166 | D:4      | Reached XP level 6. HP: 48/53 MP: 8/8
  3170 | D:4      | Found a radiant altar of Vehumet.
  3199 | D:4      | Noticed a black bear
  3207 | D:4      | Killed a black bear
  3208 | D:4      | Reached skill level 5 in Armour
  3214 | D:4      | Reached * piety under Okawaru
  3392 | D:4      | XOM: give mutation
  3392 | D:4      | Gained mutation: You are weak. (Str -2) [Xom's mischief]
  3530 | D:4      | XOM: polymorph giant cockroach -> frilled lizard
  3533 | D:4      | Identified the Volume of the Snowflakes and Sinister Arts
  3660 | D:5      | Entered Level 5 of the Dungeon
  3740 | D:5      | Reached XP level 7. HP: 55/59 MP: 10/10
  3833 | D:5      | Noticed Menkaure
  3844 | D:5      | Slain by Menkaure

Illustrated notes

Levels and vault maps discovered:
D:1:      tarquinn_simple_flora_water_f, layout_basic
D:2:      layout_loops_ring
D:3:      layout_loops_corners, okawaru_altar_gauntlet_db,
          nicolae_tso_carved_into_rock, gammafunk_ghost_abyssal_escape
D:4:      layout_loops_cross, lemuel_tele_altar, vehumet_altar_wand_db,
          lemuel_round_altar, minmay_misc_feat_ornament,
          amcnicky_mini_rare_corridor_liquid, grunt_ministairs_11
D:5:      layout_loops_ring, chequers_garden, chequers_serial_rivers_room_b,
          uniq_menkaure

Skill      XL: |  1  2  3  4  5  6  7 |
---------------+----------------------+-----
Invocations    | 1 2 |  2.8
Short Blades   | 1 2 |  2.5
Long Blades    | 1 2 |  2.5
Axes           | 1 2 |  2.5
Polearms       | 1 2 |  2.5
Staves         | 1 2 |  2.5
Slings         | 1 2 |  2.5
Bows           | 1 2 |  2.5
Crossbows      | 1 2 |  2.5
Throwing       | 1 2 |  2.5
Stealth        | 1 2 |  2.5
Shields        | 1 2 |  2.5
Unarmed Combat | 1 2 |  2.5
Spellcasting   | 1 2 |  2.5
Evocations     | 1 2 |  2.5
Conjurations   | 1 2 |  2.0
Hexes          | 1 2 |  2.0
Summonings     | 1 2 |  2.0
Necromancy     | 1 2 |  2.0
Translocations | 1 2 |  2.0
Transmutations | 1 2 |  2.0
Fire Magic     | 1 2 |  2.0
Ice Magic      | 1 2 |  2.0
Air Magic      | 1 2 |  2.0
Earth Magic    | 1 2 |  2.0
Poison Magic   | 1 2 |  2.0
Dodging        | 3 |  3.6
Armour         | 5 |  5.2
Fighting       | 7 |  7.0
Maces & Flails | 7 |  7.0

Action                   |  1- 3 |  4- 6 |  7- 9 || total
-------------------------+-------+-------+-------++-------
Melee: Mace              |   127 |   122 |    39 ||   288
       Bite              |     7 |     8 |     3 ||    18
  Use: Scroll            |     4 |     3 |       ||     7
       Potion            |     1 |     1 |       ||     2
 Stab: Sleeping          |       |     2 |       ||     2
       Confused          |       |       |     2 ||     2
Armor: Leather armour    |    51 |    42 |       ||    93
       Ring mail         |       |     6 |    12 ||    18
Dodge: Dodged            |    65 |    55 |    25 ||   145

Table legend: (Time is in decaauts)
 A = Elapsed time spent in this place.
 B = Non-inter-level travel time spent in this place.
 C = Inter-level travel time spent in this place.
 D = Time resting spent in this place.
 E = Time spent auto-exploring this place.
 F = Levels seen in this place.
 G = Mean time per level.
                   A        B        C        D        E       F      G
               +--------+--------+--------+--------+--------+-----+--------+
         Total |   3863 |   3743 |    120 |     81 |   2804 |   5 |  772.6 |
       Dungeon |   3863 |   3743 |    120 |     81 |   2804 |   5 |  772.6 |
               +--------+--------+--------+--------+--------+-----+--------+

Top non-repeatable levels by time:
     D:1: 1271 daAuts
     D:4: 950 daAuts
     D:2: 948 daAuts
     D:3: 506 daAuts
     D:5: 186 daAuts
